 Dungeon Crawl Stone Soup version 0.20-a0-903-g7e3609c (webtiles) character file.

55 nikopol the Skirmisher (level 3, -2/49 HPs)
             Began as a Minotaur Berserker on Mar 21, 2017.
             Was a Believer of Trog.
             Slain by an ogre
             ... wielding a +0 giant club
              (13 damage)
             ... on level 4 of the Dungeon.
             The game lasted 00:06:20 (2335 turns).

nikopol the Skirmisher (Minotaur Berserker)         Turns: 2335, Time: 00:06:21

Health: -2/49      AC:  7    Str: 26    XL:     3   Next: 67%
Magic:  2/2        EV: 12    Int:  4    God:    Trog [**....]
Gold:   180        SH:  0    Dex: 10    Spells: 2/2 levels left

rFire    . . .     SeeInvis .   e - +1 hand axe (venom)
rCold    . . .     Gourm    .   g - +0 ring mail
rNeg     . . .     Faith    .   (no shield)
rPois    .         Spirit   .   (helmet restricted)
rElec    .         Reflect  .   (no cloak)
rCorr    .         Harm     .   w - +1 pair of gloves
MR       .....                  (no boots)
Stlth    ..........             (no amulet)
Regen    0.2/turn               (no ring)
MPRegen  0.1/turn               (no ring)

@: berserking, very quick
A: retaliatory headbutt, horns 2
a: Berserk, Trog's Hand, Burn Spellbooks, Renounce Religion


You were on level 4 of the Dungeon.
You worshipped Trog.
Trog was pleased with you.
You were very hungry.

You visited 1 branch of the dungeon, and saw 4 of its levels.

You collected 180 gold pieces.

Inventory:

Hand Weapons
 a - a +0 spear
 e - a +1 hand axe of venom (weapon)
Missiles
 p - 77 arrows (quivered)
Armour
 b - a +0 animal skin
 g - a +0 ring mail (worn)
 w - a +1 pair of gloves (worn)
Jewellery
 h - an uncursed ring of resist corrosion {unknown}
 t - an uncursed ring of fire {unknown}
 u - an uncursed ring of flight {unknown}
Scrolls
 d - 2 scrolls of fear {unknown}
 i - 2 scrolls of identify {unknown}
 m - 3 scrolls of enchant weapon {unknown}
 n - 3 scrolls of remove curse {unknown}
 q - a scroll of enchant armour {unknown}
 r - 2 scrolls of teleportation {unknown}
 v - a scroll of recharging {unknown}
 y - a scroll of random uselessness {unknown}
 A - a scroll of immolation {unknown}
Potions
 f - 2 potions of might {unknown}
 o - a potion of lignification {unknown}
 s - a potion of heal wounds {unknown}
 z - a potion of mutation {unknown}
Comestibles
 c - 4 bread rations
 j - 3 royal jellies
 k - 5 fruits
 l - a meat ration


   Skills:
 + Level 4.2 Fighting
 * Level 2.2(3.2) Axes
 - Level 3.6(4.0) Polearms
 + Level 2.8 Armour
 + Level 2.9 Dodging


You had 2 spell levels left.
You didn't know any spells.

Dungeon Overview and Level Annotations

Branches:
Dungeon (4/15)
 Temple: D:4-7

Altars:
Ashenzari
Kikubaaqudgha
Sif Muna
Vehumet
Yredelemnul


Innate Abilities, Weirdness & Mutations

You reflexively headbutt those who attack you in melee.
You have a pair of horns on your head.


Message History

Unknown command.
Things that are here:
a club; a kobold skeleton Unknown command.
There is a stone staircase leading down here.
You climb downwards.
An ogre comes into view. It is wielding a giant club.
The ogre shouts!
Found 24 stones.
There is a stone staircase leading up here.
You hit the ogre.
The ogre is poisoned.
The ogre is lightly wounded.
The ogre hits you with a giant club!!
Ouch! That really hurt!
* * * LOW HITPOINT WARNING * * *
A red film seems to cover your vision as you go berserk!
You feel yourself moving faster!
You feel mighty!
You are feeling very hungry.
The ogre hits you with a giant club!
You die...

######.## #
.......
##.##...#.####
#.......#.#..#.
#..............
#..........#
#.O@...#
#...<..+
#......#
#.........
##.##+#..... ..
..... ##. ....
#. ..# ..#


You could see an ogre.

Vanquished Creatures
  An ooze (D:2)
  A dart slug (D:3)
  An orc (D:3)
  3 ball pythons
  6 bats
  A giant cockroach (D:1)
  8 goblins
  5 hobgoblins
  4 frilled lizards
  A goblin zombie (D:3)
  8 kobolds
  A kobold skeleton (D:3)
  6 rats
46 creatures vanquished.

Vanquished Creatures (others)
  2 orc wizards (D:3)
  A worm (D:3)
  An orc (D:3)
  A bat (D:3)
  A kobold (D:3)
  A frilled lizard (D:3)
7 creatures vanquished.

Grand Total: 53 creatures vanquished

Notes
Turn   | Place    | Note
-------+----------+-------------------------------------------
     0 | D:1      | nikopol the Minotaur Berserker began the quest for the Orb.
     0 | D:1      | Reached XP level 1. HP: 19/19 MP: 0/0
   269 | D:1      | Reached XP level 2. HP: 19/27 MP: 1/1
   391 | D:1      | Reached skill level 4 in Fighting
   573 | D:1      | Reached skill level 1 in Axes
   729 | D:2      | Reached ** piety under Trog
  1179 | D:2      | Reached XP level 3. HP: 33/33 MP: 2/2
  1414 | D:2      | Found an ancient bone altar of Kikubaaqudgha.
  1414 | D:2      | Found a deep blue altar of Sif Muna.
  1417 | D:2      | Found a radiant altar of Vehumet.
  1566 | D:2      | Found a shattered altar of Ashenzari.
  1775 | D:3      | Noticed a human
  1776 | D:3      | Found a runed door.
  1786 | D:3      | Found a basalt altar of Yredelemnul.
  1874 | D:3      | Found a basalt altar of Yredelemnul.
  2332 | D:4      | Noticed an ogre
  2335 | D:4      | Slain by an ogre

Vault maps used:
D:1:      dpeg_arrival_shelter, minmay_misc_feat_nine_boxes
D:2:      grunt_temple_overflow_magic_moments, nicolae_overflow_hidden_temple
D:3:      lemuel_round_altar, dk_yredelemnul_ordeal
D:4:      lemuel_round_altar

Skill      XL: |  1  2  3 |
---------------+----------+-----
Fighting       | 4 |  4.2
Axes           | 1 2 |  2.2
Polearms       | |  3.6
Armour         | |  2.8
Dodging        | |  2.9

Action                   || total
-------------------------++-------
Melee: Spear             ||    14
       Hand axe          ||    54
       Headbutt          ||     3
Invok: Burn Spellbooks   ||     1
       Berserk           ||     1
  Eat: Chunk             ||     4
Armor: Animal skin       ||     3
       Ring mail         ||    22
Dodge: Dodged            ||    36
